 Dungeon Sprint DCSS version 0.21.1-1-g345015f (webtiles) character file.

133 Fang the Chopper (level 5, 0/37 HPs)
             Began as a Gargoyle Berserker on July 23, 2018.
             Was an Elder of Trog.
             Slain by a gnoll shaman
             ... wielding a +0 whip
              (4 damage)
             ... in the Dungeon (Sprint VII: "The Pits").
             The game lasted 00:00:53 (626 turns).

Fang the Chopper (Gargoyle Berserker)                Turns: 626, Time: 00:00:54

Health: 0/37       AC:  6    Str: 22    XL:     5   Next: 16%
Magic:  5/5        EV: 13    Int:  7    God:    Trog [****..]
Gold:   0          SH:  0    Dex:  9    Spells: 4/4 levels left

rFire    . . .     SeeInvis .   n - +2 hand axe (chop)
rCold    . . .     Gourm    .   (no shield)
rNeg     + . .     Faith    .   b - +0 animal skin
rPois    ∞         Spirit   .   (no helmet)
rElec    +         Reflect  .   (no cloak)
rCorr    .         Harm     .   (no gloves)
MR       .....     NoTele   +   (no boots)
Stlth    +.........             (no amulet)
HPRegen  0.12/turn              (no ring)
MPRegen  0.09/turn              (no ring)

@: berserk cooldown, slowed, very slow
A: negative energy resistance 1, electricity resistance, unbreathing,
petrification resistance, rot immunity, AC +4
a: Berserk, Trog's Hand, Brothers in Arms, Burn Spellbooks, Renounce Religion


You were in the Dungeon.
You worshipped Trog.
Trog was greatly pleased with you.
You were very hungry.

You visited 1 branch

Inventory:

Hand Weapons
 j - a +2 hand axe
 n - a +2 hand axe of chopping (weapon)
Armour
 b - a +0 animal skin (worn)
Scrolls
 i - a scroll of blinking
 k - 3 scrolls of remove curse
 l - a scroll of summoning
Potions
 a - 2 potions of invisibility
 d - 6 potions of curing
 e - 6 potions of heal wounds
 f - a potion of haste
 g - 4 potions of magic
 h - 3 potions of berserk rage
Comestibles
 c - 9 rations


   Skills:
 + Level 6.7 Fighting
 + Level 6.9 Axes
 + Level 3.6 Armour
 + Level 3.1 Dodging
 + Level 0.3 Stealth


You had 4 spell levels left.
You didn't know any spells.

Dungeon Overview and Level Annotations

Branches:
Dungeon (1/1)

Altars:
Cheibriados
Dithmenos
Elyvilon
Fedhas
Gozag
Hepliaklqana
Makhleb
Nemelex Xobeh
Okawaru
Qazlal
Ru
Sif Muna
Trog
Vehumet
Wu Jian
Xom
Yredelemnul
Zin
The Shining One
Beogh
Jiyva
Lugonu


Innate Abilities, Weirdness & Mutations

You are resistant to torment.
Your stone body is resilient. (AC +4)
You are immune to poison.
You resist negative energy. (rN+)
You are resistant to electric shocks. (rElec)
You can survive without breathing.
You are immune to petrification.
You are immune to rotting.


Message History

* * * LOW HITPOINT WARNING * * *
You are no longer berserk.
Trog's vigour flows through your veins.
You are exhausted.
You feel yourself slow down. The iron imp closely misses you.
You barely miss the iron imp.
The iron imp is almost dead.
You are covered in liquid flames!
* * * LOW HITPOINT WARNING * * *
The iron imp barely misses you.
A gnoll comes into view.
Unknown command.
The gnoll shouts!
You hit the iron imp.
You kill the iron imp!
Trog accepts your kill.
Your Dodging skill increases to level 3!
You have reached level 5!
The gnoll shaman hits you with a whip.
You die...

##########'##.....
#.?(.')))'.##.....
##########.##.....
#..........)'.....
#'#####)#####.....
#.#[[#.....##.....
#†#))#####÷#####'#
#)#))#...).##.....
#@#).#.....##.....
#g#..###'####.....
#g##'#.).).##...<.
#e#........##.....
#.#........##.....
#s###########.....
#sg...e.# ######
#gg#s#..# #.## #


You could see a demonic crawler, a deep elf mage, a redback, a gnoll shaman and
4 gnolls.

Vanquished Creatures
  A scorpion (D)
  An iron imp (D)
  3 gnolls (D)
  A river rat (D)
  A white imp (D)
  An ufetubus (D)
  An orc (D)
  A goblin (D)
  A hobgoblin (D)
  A rat (D)
12 creatures vanquished.

Notes
Turn   | Place    | Note
-------+----------+-------------------------------------------
     0 | D        | Fang the Gargoyle Berserker began the quest for the Orb.
     0 | D        | Reached XP level 1. HP: 14/14 MP: 1/1
    20 | D        | Found a bloodstained altar of Trog.
    20 | D        | Found a deep blue altar of Sif Muna.
    20 | D        | Found a viscous altar of Jiyva.
    20 | D        | Found a hazy altar of Hepliaklqana.
    20 | D        | Found an opulent altar of Gozag.
    21 | D        | Found a glowing golden altar of the Shining One.
    21 | D        | Found a glowing silver altar of Zin.
    21 | D        | Found a basalt altar of Yredelemnul.
    21 | D        | Found a shimmering altar of Xom.
    21 | D        | Found an ornate altar of the Wu Jian Council.
    21 | D        | Found a sacrificial altar of Ru.
    21 | D        | Found a stormy altar of Qazlal.
    21 | D        | Found an iron altar of Okawaru.
    21 | D        | Found a sparkling altar of Nemelex Xobeh.
    21 | D        | Found a burning altar of Makhleb.
    21 | D        | Found a blossoming altar of Fedhas.
    21 | D        | Found a white marble altar of Elyvilon.
    21 | D        | Found a shadowy altar of Dithmenos.
    21 | D        | Found a snail-covered altar of Cheibriados.
    23 | D        | Found a radiant altar of Vehumet.
    23 | D        | Found a corrupted altar of Lugonu.
    23 | D        | Found a roughly hewn altar of Beogh.
    67 | D        | Reached XP level 2. HP: 15/20 MP: 2/2
    74 | D        | Reached ** piety under Trog
   227 | D        | Reached skill level 5 in Fighting
   227 | D        | Reached XP level 3. HP: 15/26 MP: 3/3
   347 | D        | Reached *** piety under Trog
   352 | D        | Reached skill level 5 in Axes
   599 | D        | Noticed a deep elf mage
   600 | D        | Noticed a scorpion
   605 | D        | Noticed a smoke demon
   611 | D        | Killed a scorpion
   611 | D        | Reached XP level 4. HP: 32/32 MP: 4/4
   614 | D        | Reached **** piety under Trog
   621 | D        | Noticed a redback
   622 | D        | Noticed a demonic crawler
   626 | D        | Reached XP level 5. HP: 4/37 MP: 5/5
   626 | D        | Slain by a gnoll shaman

Skill      XL: |  1  2  3  4 |
---------------+-------------+-----
Axes           | 3 4 6 |  6.9
Fighting       | 4 5 6 |  6.7
Dodging        | 2 3 |  3.1
Armour         | 3 |  3.6
Stealth        | |  0.3

Action                   |  1- 3 |  4- 6 || total
-------------------------+-------+-------++-------
Melee: Hand axe          |    33 |    12 ||    45
Invok: Berserk           |     3 |       ||     3
  Eat: Chunk             |     1 |       ||     1
Armor: Animal skin       |     2 |     1 ||     3
Dodge: Dodged            |    26 |     6 ||    32
